 Dungeon Crawl Stone Soup version 0.25-b1-46-gb8a1ec05df (webtiles) character file.

Game seed: 17696552004483330923

51 gruber the Skirmisher (level 3, 30/30 HPs)
             Began as a Demonspawn Gladiator on June 10, 2020.
             Quit the game on level 1 of the Dungeon.
             The game lasted 00:01:00 (1139 turns).

gruber the Skirmisher (Demonspawn Gladiator)        Turns: 1139, Time: 00:01:00

Health: 30/30      AC:  3    Str: 15    XL:     3   Next: 57%
Magic:  3/3        EV: 13    Int:  9    God:
Gold:   51         SH:  0    Dex: 14    Spells: 2/2 levels left

rFire    . . .     SeeInvis .   a - +0 trident
rCold    . . .     Gourm    .   (no shield)
rNeg     . . .     Faith    .   b - +0 leather armour
rPois    .         Spirit   .   (helmet restricted)
rElec    .         Reflect  .   (no cloak)
rCorr    .         Harm     .   (no gloves)
MR       .....                  (no boots)
Stlth    ++........             (no amulet)
HPRegen  0.10/turn              (no ring)
MPRegen  0.08/turn              (no ring)

@: no status effects
A: antennae 1, nightstalker 1
a: no special abilities


You were on level 1 of the Dungeon.
You were not hungry.

You visited 1 branch of the dungeon, and saw 1 of its levels.

You collected 51 gold pieces.

Inventory:

Hand Weapons
 a - a +0 trident (weapon)
Missiles
 d - 3 throwing nets (quivered)
Armour
 b - a +0 leather armour (worn)
 c - a +0 helmet
Scrolls
 h - a scroll of identify {unknown}
 i - a scroll of immolation {unknown}
Potions
 e - 2 potions of cancellation {unknown}
 j - a potion of curing {unknown}
Comestibles
 f - 3 rations
 g - 5 chunks of flesh


   Skills:
 + Level 3.9 Fighting
 - Level 2.6 Polearms
 - Level 1.7 Throwing
 - Level 2.8 Dodging


You had 2 spell levels left.
You didn't know any spells.
Your spell library was empty.

Dungeon Overview and Level Annotations

Branches:
Dungeon (1/15)

Altars:


Innate Abilities, Weirdness & Mutations

You have a pair of small antennae on your head.
You are slightly more attuned to the shadows.


Message History

You hit the jackal.
The jackal is moderately wounded.
The jackal barely misses you. The jackal bites you.
You hit the jackal.
You kill the jackal!
No target in view!
No target in view!
No target in view!
No target in view!
No target in view!
No target in view!
No target in view!
No target in view!
No target in view!
There is an open translucent door here.
Done exploring.
Done exploring.
Done exploring.
Done exploring.
Are you sure you want to abandon this character and quit the game? (Confirm with "yes".)

#.# #....######## #....##. #.#
#.##.##############....##. #)#
#.........÷.......#....### #.#
#.###+#######'###.#....... #.###
#[#..⌠...>...⌠..#.........
....####.#......<......#.......#.
.>.......+⌠....###....⌠'.......#.
....###..#.............#..####.#.
....# #..#######@#######..# #.#.
....# #..#.............#..# #.#.
....# #..#.............#..# #.#.
....###..#.............#..# #.##
.....)#..###############..# #.##
....#.....................####..[
....###...................##.....
##### ###.....#####.#.######.)...
#)....# #.#.# #.....


There were no monsters in sight!

Vanquished Creatures
  3 oozes (D:1)
  A leopard gecko (D:1)
  7 giant cockroaches (D:1)
  3 goblins (D:1)
  4 hobgoblins (D:1)
  2 jackals (D:1)
  A kobold (D:1)
  A ball python (D:1)
  5 bats (D:1)
  3 frilled lizards (D:1)
  5 rats (D:1)
35 creatures vanquished.

Notes
Turn   | Place    | Note
-------+----------+-------------------------------------------
     0 | D:1      | gruber the Demonspawn Gladiator began the quest for the
                  | Orb.
     0 | D:1      | Reached XP level 1. HP: 16/16 MP: 1/1
     1 | D:1      | Found a runed translucent door.
   125 | D:1      | Gained mutation: You have a pair of small antennae on your
                  | head. [demonic ancestry]
   125 | D:1      | Reached XP level 2. HP: 14/23 MP: 2/2
   534 | D:1      | Reached skill level 3 in Fighting
  1040 | D:1      | Gained mutation: You are slightly more attuned to the
                  | shadows. [demonic ancestry]
  1040 | D:1      | Reached XP level 3. HP: 29/29 MP: 3/3
  1139 | D:1      | Quit the game

Illustrated notes

Levels and vault maps discovered:
D:1:      dpeg_arrival_caged_fury, layout_basic

Skill      XL: |  1  2 |
---------------+-------+-----
Fighting       | 3 |  3.9
Polearms       | |  2.6
Throwing       | |  1.7
Dodging        | |  2.8

Action                   || total
-------------------------++-------
Melee: Trident           ||   115
 Stab: Sleeping          ||     2
  Eat: Chunk             ||     1
Armor: Leather armour    ||    31
Dodge: Dodged            ||    77
